 Dungeon Crawl Stone Soup version 0.31.0-9-g3a7656b989 (webtiles) character file.

Game seed: 14738250858547767499

152 Baz the Changeling (level 5, -1/42 HPs)
             Began as a Draconian Shapeshifter on Jan 25, 2024.
             Slain by a gnoll
             ... wielding a +0 spear
              (5 damage)
             ... on level 3 of the Dungeon.
             The game lasted 00:02:46 (1578 turns).

Baz the Changeling (Draconian Shapeshifter)         Turns: 1578, Time: 00:02:47

Health: -1/42      AC:  5    Str: 17    XL:     5   Next: 11%
Magic:  5/5        EV: 12    Int: 12    God:
Gold:   96         SH:  0    Dex: 10    Spells: 4/4 levels left

rFire   . .          .
                       - Unarmed
rCold   . . .        (no shield)
rNeg    . . .        (body armour unavailable)
rPois   .            (helmet currently unavailable)
rElec   .            (cloak currently unavailable)
rCorr   .            (gloves currently unavailable)
SInv    .            (boots currently unavailable)
Will    .....        (no amulet)
Stlth   +            (no ring)
HPRegen 0.27/turn    (no ring)
MPRegen 0.09/turn

%: no passive effects
@: beast-form
A: beast (slay +2), AC +5, unfitting armour, cold-blooded
a: Begin Untransformation


You were on level 3 of the Dungeon.
You were a hulking beast.
You visited 1 branch of the dungeon, and saw 3 of its levels.

You collected 96 gold pieces.

Inventory:

Jewellery
 k - a +6 ring of strength
Talismans
 b - a beast talisman (active)
 c - a flux talisman
Wands
 l - a wand of polymorph (5)
Scrolls
 f - 4 scrolls of noise {unknown}
 g - a scroll of immolation {unknown}
 i - a scroll of identify {unknown}
 j - a scroll of revelation {unknown}
Potions
 a - a potion of lignification
 d - a potion of berserk rage {unknown}
 e - a potion of magic
 h - a potion of mutation {unknown}
 m - a potion of brilliance {unknown}


   Skills:
 + Level 2.4 Fighting
 + Level 2.6 Dodging
 + Level 3.7 Unarmed Combat
 * Level 4.1 Shapeshifting


You had 4 spell levels left.
You didn't know any spells.
Your spell library was empty.

Dungeon Overview and Level Annotations

Branches:
Dungeon (3/15)

Altars:
Yredelemnul


Innate Abilities, Weirdness & Mutations

You are a hulking beast.
Your limbs bulge with bestial killing power. (Slay +2)
Your plain brown scales are hard. (AC +5)
You cannot fit into any form of body armour.
You are cold-blooded and may be slowed by cold attacks.


Message History

The gnoll attacks as it pursues you! The gnoll barely misses you.
You don't know any spells.
Okay, then.
Unknown command.
Unknown command.
You don't know any spells.
The gnoll hits you with a +0 spear.
The gnoll hits you from afar with a +0 spear.
You closely miss the gnoll. The gnoll hits you but does no damage.
The gnoll closely misses you.
You hit the gnoll but do no damage. Your punch misses the gnoll.
The gnoll closely misses you. The gnoll barely misses you.
You punch the gnoll!
The gnoll is heavily wounded.
The gnoll hits you with a +0 spear. The gnoll hits you but does no damage.
You hit the gnoll.
The gnoll is severely wounded.
The gnoll barely misses you.
The gnoll hits you from afar with a +0 spear.
* * * LOW HITPOINT WARNING * * *
You hit the gnoll.
The gnoll is almost dead.
The gnoll barely misses you.
The gnoll hits you from afar with a +0 spear.
* * * LOW HITPOINT WARNING * * *
You hit the gnoll.
Your tail-slap misses the gnoll.
The gnoll is almost dead.
The gnoll hits you with a +0 spear.
* * * LOW HITPOINT WARNING * * *
The gnoll hits you from afar with a +0 spear.
* * * LOW HITPOINT WARNING * * *
Unknown command.
You hit the gnoll.
You kill the gnoll!
The gnoll hits you from afar with a +0 spear.
* * * LOW HITPOINT WARNING * * *
You are too injured to fight recklessly!
It was a potion of magic.
Magic courses through your body.
The gnoll hits you from afar with a +0 spear.
You die...

#.# #.#.#####.# # #.#
#.#.#.....# # #.#
#.#.#.##### #
#####'####...#.#######
#............#........
#...........†.........
#.....................
#####.####............
#h# #............ #)#
#............ #######g#
#######...### #.....gg#
.......# # #.......#
.........## #.......#
...........
#.......################
#.......#.......##### #
#.......'............ .


You could see 3 gnolls.

Vanquished Creatures
  A bombardier beetle (D:3)
  An orc wizard (D:2)
  2 adders
  A gnoll (D:3)
  3 ribbon worms (D:3)
  6 bats
  8 endoplasms
  2 giant cockroaches
  3 goblins
  4 hobgoblins (D:2)
  7 kobolds
  6 quokkas
  7 ball pythons
  A frilled lizard (D:3)
  3 rats
55 creatures vanquished.

Notes
Turn   | Place    | Note
-------+----------+-------------------------------------------
     0 | D:1      | Baz the Draconian Shapeshifter began the quest for the Orb.
     0 | D:1      | Reached XP level 1. HP: 16/16 MP: 1/1
   166 | D:1      | Reached XP level 2. HP: 23/23 MP: 2/2
   417 | D:2      | Found a basalt altar of Yredelemnul.
   559 | D:2      | Reached XP level 3. HP: 29/29 MP: 3/3
   788 | D:2      | Reached XP level 4. HP: 19/36 MP: 4/4
  1131 | D:3      | Reached skill level 4 in Shapeshifting
  1439 | D:3      | Reached XP level 5. HP: 42/42 MP: 5/5
  1578 | D:3      | Slain by a gnoll

Illustrated notes

Levels and vault maps discovered:
D:1:      minmay_arrival_shattered_statue, layout_rooms
D:2:      layout_basic, basic_altar, minmay_unequal
D:3:      minmay_angry_zag, layout_basic, chequers_jeans

Skill      XL: |  1  2  3  4 |
---------------+-------------+-----
Dodging        | 2 |  2.6
Fighting       | 2 |  2.4
Shapeshifting  | 4 |  4.1
Unarmed Combat | |  3.7

Action                     |  1- 3 |  4- 6 || total
---------------------------+-------+-------++-------
  Melee: Unarmed           |    89 |    62 ||   151
         Tailslap          |    14 |     6 ||    20
         Punch             |     1 |     1 ||     2
    Use: Potion            |       |     1 ||     1
   Stab: Sleeping          |     1 |       ||     1
 Armour: Skin              |    53 |    38 ||    91
  Dodge: Dodged            |    57 |    36 ||    93
   Form: Beast             |     1 |       ||     1
